AoeStats
← Jackallie

Arabia

507915299Analyzed
2v2 RM · 12d ago on Sep 20, 2026· 56m 46s· 4 players
Game mode
Random Map
Map size
Medium (4 player)
Population
200
Speed
Normal
Resources
Standard
Victory
Conquest
Starting age
Dark Age
Ending age
Imperial Age
RankedLock teamsTeams togetherTeam positionsShared explorationLock speedFull tech treeHidden civsTurbo modeCheats
Victory
Defeat
🇦🇺 Lithuanians · Australia
1126
+15
🇦🇺 Ethiopians · Australia
1122
+15
🇦🇺 Sicilians · Australia
1103
-15
🇦🇺 Teutons · Australia
1103
-15
Gaston
8:49 Loom
11:02 Feudal Age
11:33 Double-Bit Axe
11:35 Horse Collar
15:35 Scale Barding Armor
19:59 Castle Age
18:43 Bloodlines
19:36 Gold Mining
21:58 Bow Saw
27:21 Chain Barding Armor
27:43 Heavy Plow
31:04 Forging
32:10 Wheelbarrow
33:20 Iron Casting
38:46 Imperial Age
37:47 Hand Cart
39:23 Cavalier
40:41 Plate Barding Armor
41:04 Conscription
40:57 Paladin
43:07 Blast Furnace
50:17 Town Watch
55:27 Crenellations
55:01 Fletching
56:33 Bodkin Arrow
kyzyk
8:30 Loom
11:20 Feudal Age
11:50 Double-Bit Axe
12:02 Horse Collar
21:38 Castle Age
20:43 Wheelbarrow
20:12 Fletching
20:23 Scale Mail Armor
22:36 Bow Saw
22:34 Heavy Plow
27:07 Gold Mining
27:26 Bodkin Arrow
28:23 Chain Mail Armor
28:29 Bow Saw
29:20 Wheelbarrow
29:44 Stone Mining
35:10 Imperial Age
34:11 Murder Holes
34:27 Masonry
34:38 Hand Cart
35:24 Ballistics
35:22 Elite Serjeant
36:59 Bracer
38:51 First Crusade
38:52 Conscription
39:08 Hoardings
38:23 Arrowslits
40:11 Plate Mail Armor
39:51 Forging
42:07 Town Watch
InformedStorm71
6:26 Loom
9:20 Feudal Age
9:58 Double-Bit Axe
11:47 Fletching
16:45 Horse Collar
19:47 Wheelbarrow
23:51 Castle Age
22:49 Gold Mining
23:09 Padded Archer Armor
23:16 Scale Barding Armor
23:22 Forging
24:41 Bloodlines
23:56 Crossbowman
24:55 Bow Saw
24:53 Heavy Plow
25:15 Bodkin Arrow
25:56 Leather Archer Armor
26:55 Hand Cart
27:42 Husbandry
29:00 Chain Barding Armor
29:40 Iron Casting
29:11 Stone Mining
35:50 Ballistics
35:26 Murder Holes
35:42 Masonry
42:20 Imperial Age
42:44 Thumb Ring
41:59 Elite Skirmisher
42:29 Cavalier
44:05 Plate Barding Armor
43:31 Bracer
47:16 Conscription
48:14 Chemistry
47:51 Elite Leitis
Jackallie
7:18 Loom
10:47 Feudal Age
11:16 Double-Bit Axe
11:15 Horse Collar
15:25 Padded Archer Armor
16:35 Wheelbarrow
16:15 Fletching
27:15 Castle Age
26:39 Gold Mining
27:41 Crossbowman
28:27 Thumb Ring
28:20 Bodkin Arrow
30:18 Leather Archer Armor
32:22 Bow Saw
36:23 Ballistics
35:58 Murder Holes
39:55 Imperial Age
40:24 Royal Heirs
40:29 Arbalester
42:43 Bracer
42:50 Halberdier
51:58 Scale Mail Armor
Connection lost

Rejoining the realm…

Still unreachable

The connection could not be restored.

Session expired

The server has moved on; the page needs a fresh start.